 Dungeon Crawl Stone Soup version 0.22-a0-571-g4a923d4b9e (webtiles) character file.

5670 PikkenKukken the Fighter (level 10, -6/90 HPs)
             Began as a Minotaur Abyssal Knight on July 1, 2018.
             Was a High Priest of Lugonu.
             Mangled by a death yak (19 damage)
             ... on level 9 of the Dungeon.
             The game lasted 00:22:22 (9404 turns).

PikkenKukken the Fighter (Minotaur Abyssal Knight)  Turns: 9404, Time: 00:22:22

Health: -6/90      AC: 20    Str: 19    XL:     10   Next: 47%
Magic:  13/13      EV:  9    Int:  7    God:    Lugonu [*****.]
Gold:   321        SH:  7    Dex: 13    Spells: 9/9 levels left

rFire    . . .     SeeInvis +   l - +1 hand axe (vamp)
rCold    . . .     Gourm    .   t - +2 buckler {AC+3}
rNeg     . . .     Faith    .   A - +0 plate armour
rPois    .         Spirit   .   (helmet unavailable)
rElec    .         Reflect  .   e - +0 cloak
rCorr    .         Harm     .   h - +1 pair of gloves
MR       .....     Rnd*Rage +   (no boots)
Stlth    ..........             o - amulet of magic regeneration
HPRegen  0.25/turn              b - +2 ring of dexterity
MPRegen  0.38/turn              z - ring of see invisible

@: no status effects
A: retaliatory headbutt, horns 3, berserk 1, dopey 1, screaming 1
a: Depart the Abyss, Bend Space, Banish, Corrupt, Enter the Abyss, Renounce
Religion


You were on level 9 of the Dungeon.
You worshipped Lugonu.
Lugonu was extremely pleased with you.
You were hungry.

You visited 1 branch of the dungeon, and saw 9 of its levels.
You visited the Abyss 1 time.

You collected 516 gold pieces.
You spent 195 gold pieces at shops.

Inventory:

Hand Weapons
 a - a +1 hand axe
 j - a +0 hand crossbow of velocity
 l - a +1 vampiric hand axe (weapon)
Missiles
 i - 54 arrows
 m - 7 tomahawks of returning (quivered)
 n - 48 bolts
 v - 14 tomahawks
 x - 8 poisoned javelins
 G - 6 exploding tomahawks
Armour
 e - a +0 cloak (worn)
 h - a +1 pair of gloves (worn)
 t - a +2 buckler of protection (worn)
 A - a +0 plate armour (worn)
Jewellery
 b - a +2 ring of dexterity (left hand)
 o - an amulet of magic regeneration (around neck)
 z - a ring of see invisible (right hand)
 B - an uncursed ring of resist corrosion
 C - an uncursed ring of magical power
 D - an uncursed ring of loudness
Wands
 u - a wand of iceblast (6)
 F - a wand of paralysis (14)
Scrolls
 k - a scroll of fog
 p - 3 scrolls of teleportation
 w - 2 scrolls of identify
 y - a scroll of fear
 E - 2 scrolls of remove curse
 H - a scroll of blinking
Potions
 d - a potion of agility
 f - 2 potions of haste
 g - a potion of brilliance
 q - 4 potions of curing
 r - a potion of flight
 s - 2 potions of cancellation
Comestibles
 c - 8 rations
 I - 5 chunks of flesh


   Skills:
 + Level 8.5 Fighting
 + Level 7.9 Axes
 + Level 4.0 Throwing
 + Level 7.9 Armour
 + Level 7.0 Dodging
 + Level 6.5 Shields
 + Level 6.4 Invocations


You had 9 spell levels left.
You didn't know any spells.
Your spell library contained the following spells:

 Spells                   Type           Power        Failure   Level  Hunger
 Magic Dart               Conj           #...         100%        1    ##.....
 Iskenderun's Mystic Bla  Conj           #.......     100%        4    #####..
 Fulminant Prism          Conj/Hex       #.........   100%        4    #####..
 Dazzling Spray           Conj/Hex       #.....       100%        3    ####...
 Force Lance              Conj/Tloc      #.......     100%        4    #####..
 Searing Ray              Conj           #.....       100%        2    ###....


Dungeon Overview and Level Annotations

Branches:
Dungeon (9/15)             Temple (0/1) D:7
   Lair: D:8-11         Orc: D:9-12

Altars:
Elyvilon
Fedhas
Kikubaaqudgha
Vehumet
Zin
The Shining One

Shops:
D:4 [

Annotations:
D:4 1 runed door
D:8 1 runed door, exclusion: 2 oklob plants


Innate Abilities, Weirdness & Mutations

You reflexively headbutt those who attack you in melee.
You have a pair of large horns on your head.
You tend to lose your temper in combat.
You are dopey. (Int -2)
You occasionally shout uncontrollably at your foes.


Message History

The death yak is heavily wounded.
The death yak gores you.
* * * LOW HITPOINT WARNING * * *
You hit the death yak.
The death yak is severely wounded.
The death yak barely misses you. You furiously retaliate!
You headbutt the death yak. You hit the death yak but do no damage.
You headbutt the death yak, but do no damage.
The death yak is severely wounded.
The death yak gores you but does no damage.
You hit the death yak but do no damage.
The death yak is severely wounded.
You block the death yak's attack.
You slash the death yak!
You feel better.
The death yak is severely wounded.
The death yak gores you but does no damage.
Okay, then.
You fail to use your ability.
The death yak gores you!!
You die...

#...#............>....#####
#.....###...#...#######
#.>.### ##.###.## ##### #(#
### #.# #.# #.# #.# #@# #Y#
#Y# ######Y#######
#.)..YYYK....#
...###YYY####.# #..K..#
##....# ...K...


You could see 4 death yaks, 5 yaks and a kobold.

Vanquished Creatures
  2 death yaks (D:9)
  Pikel (D:5)
  The ghost of Zigma the Ruffian, an amateur DrTm (D:4)
  A hippogriff (D:8)
  A yak (D:9)
  Menkaure (D:5)
  A sky beast (D:6)
  An ice beast (D:7)
  A black bear (D:8)
  4 orc warriors
  A phantom (D:7)
  5 ogres
  5 bullfrogs
  An electric eel (D:8)
  2 vampire bats (D:5)
  A howler monkey (D:5)
  A crimson imp (D:7)
  3 hounds
  A bullfrog zombie (D:5)
  7 orc priests
  6 orc wizards
  3 gnoll shamans (D:6)
  A bullfrog skeleton (D:6)
  2 jellies
  3 centaur skeletons
  4 iguanas (D:8)
  7 worker ants
  Terence (D:2)
  A hound skeleton (D:8)
  A howler monkey zombie (D:7)
  40 gnolls
  4 adders
  3 shadow imps
  2 oozes
  2 adder skeletons
  2 worms
  3 dart slugs
  6 leopard geckos
  40 orcs
  6 bats
  A bat skeleton (D:5)
  3 bat zombies (D:5)
  3 giant cockroaches
  10 goblins
  6 hobgoblins
  24 jackals
  3 quokkas
  2 ball pythons
  6 frilled lizards
  A jackal zombie (D:6)
  12 kobolds
  A quokka skeleton (D:5)
  5 rats
255 creatures vanquished.

Notes
Turn   | Place    | Note
-------+----------+-------------------------------------------
     0 | Abyss:1  | PikkenKukken the Minotaur Abyssal Knight began the quest for the Orb.
     0 | Abyss:1  | Reached XP level 1. HP: 19/19 MP: 1/1
   151 | Abyss:1  | Noticed a stone giant skeleton
   152 | D:1      | Escaped the Abyss
   273 | D:1      | Reached XP level 2. HP: 23/27 MP: 2/2
   321 | D:1      | Reached * piety under Lugonu
   324 | D:1      | Reached skill level 4 in Fighting
   630 | D:1      | Reached XP level 3. HP: 33/33 MP: 3/3
   787 | D:2      | Reached XP level 4. HP: 41/41 MP: 4/4
   822 | D:2      | Reached XP level 5. HP: 6/47 MP: 4/6
  1129 | D:2      | Noticed Terence
  1148 | D:2      | Killed Terence
  1217 | D:2      | Found a radiant altar of Vehumet.
  1408 | D:2      | Reached ** piety under Lugonu
  2112 | D:3      | Gained mutation: You are dopey. (Int -2) [potion of mutation]
  2112 | D:3      | Gained mutation: You occasionally shout uncontrollably at your foes. [potion of mutation]
  2112 | D:3      | Gained mutation: You possess an exceptional clarity of mind. [potion of mutation]
  2112 | D:3      | Gained mutation: You have sharp toenails. [potion of mutation]
  2235 | D:3      | You fall through a shaft for 2 floors!
  2235 | D:5      | Entered Level 5 of the Dungeon
  2819 | D:3      | Found a faded altar of an unknown god.
  2886 | D:4      | Noticed an ogre
  2894 | D:4      | Killed an ogre
  2894 | D:4      | Reached skill level 5 in Fighting
  2894 | D:4      | Reached XP level 6. HP: 44/56 MP: 7/7
  3055 | D:4      | Found Faohir's Antique Armour Shoppe.
  3067 | D:4      | Reached *** piety under Lugonu
  3287 | D:4      | Found a white marble altar of Elyvilon.
  3287 | D:4      | Noticed an angel
  3288 | D:4      | Found a runed door.
  3329 | D:4      | Found a runed gate.
  3329 | D:4      | Found a runed gate.
  3329 | D:4      | Found a runed gate.
  3332 | D:4      | Noticed Zigma's ghost (amateur DrTm)
  3383 | D:4      | Found a glowing golden altar of the Shining One.
  3503 | D:5      | Reached skill level 1 in Shields
  3591 | D:5      | Reached XP level 7. HP: 57/61 MP: 8/8
  4177 | D:4      | Bought a glowing buckler for 195 gold pieces
  4523 | D:5      | Noticed Pikel
  4539 | D:5      | Killed Pikel
  4539 | D:5      | Reached skill level 6 in Fighting
  4539 | D:5      | Reached skill level 5 in Axes
  4539 | D:5      | Reached skill level 5 in Armour
  4539 | D:5      | Reached XP level 8. HP: 34/70 MP: 8/10
  4796 | D:5      | Found an ancient bone altar of Kikubaaqudgha.
  4933 | D:6      | Noticed Menkaure
  4947 | D:5      | Killed Menkaure
  4947 | D:5      | Reached **** piety under Lugonu
  5254 | D:6      | Reached skill level 5 in Dodging
  5698 | D:6      | Reached skill level 5 in Invocations
  5757 | D:6      | Reached skill level 1 in Throwing
  5757 | D:6      | Reached XP level 9. HP: 78/78 MP: 11/11
  5835 | D:6      | Reached skill level 7 in Fighting
  5990 | D:6      | Reached ***** piety under Lugonu
  6270 | D:7      | Found a glowing silver altar of Zin.
  6426 | D:7      | Found a staircase to the Ecumenical Temple.
  6467 | D:7      | Reached skill level 5 in Shields
  6635 | D:7      | Lost mutation: You have sharp toenails. [potion of mutation]
  6635 | D:7      | Lost mutation: You possess an exceptional clarity of mind. [potion of mutation]
  6635 | D:7      | Gained mutation: You tend to lose your temper in combat. [potion of mutation]
  6635 | D:7      | Gained mutation: You have a pair of large horns on your head. [potion of mutation]
  7019 | D:7      | Found a white marble altar of Elyvilon.
  7916 | D:8      | Found a blossoming altar of Fedhas.
  7919 | D:8      | Noticed an oklob plant
  7919 | D:8      | Noticed an oklob plant
  8336 | D:8      | Reached XP level 10. HP: 85/88 MP: 13/13
  8588 | D:8      | Found a runed door.
  8625 | D:8      | Noticed a deep elf mage
  8625 | D:8      | Noticed a two-headed ogre
  8845 | D:4      | Killed Zigma's ghost
  8845 | D:4      | Reached skill level 8 in Fighting
  9131 | D:9      | Noticed a death yak
  9150 | D:9      | Killed a death yak
  9346 | D:9      | Noticed a death yak
  9348 | D:9      | Noticed a death yak
  9348 | D:9      | Noticed a death yak
  9349 | D:9      | Noticed a death yak
  9356 | D:9      | Noticed a death yak
  9382 | D:9      | Killed a death yak
  9404 | D:9      | Mangled by a death yak

Vault maps used:
D:1:      minmay_arrival_widening_spiral_wide
D:2:      fiery_altar_vehumet, hex_medium, uniq_terence
D:3:      first_ration, chequers_ecumenical_altar_lobes, minmay_misc_feat_roman,
          grunt_decor_mini_mirrors
D:4:      kennysheep_little_box, ebering_ghost_rock_garden, serial_curves,
          eino_curves_02, eino_curves_04, serial_shops, shop_statue,
          minivault_4, minmay_misc_feat_secret_circle, lemuel_angel_altar
D:5:      kennysheep_vampire_church, nicolae_ossuary_entry_ruins, uniq_pikel
D:6:      lemuel_castle_with_subvaults, uniq_menkaure
D:7:      kennysheep_six_static_rooms, nicolae_overflow_crystal_walls,
          elyvilon_altar_1, minmay_temple_entry_hall, kennysheep_generic_room_12
D:8:      minmay_the_grid_triangle_9x9_rhombus_thin, hangedman_ranch,
          glass_columns_b, hangedman_tree_tricks, grunt_ministairs_3,
          serial_bayou_lake_a
D:9:      lemuel_upstairs_altar, marbit_many_paths, dpeg_lair_monsters,
          uniq_erolcha
Abyss:1:  due_exit_kobolds, evilmike_abyss_exit_smiterflies,
          hangedman_classic_abyss_death

Skill      XL: |  1  2  3  4  5  6  7  8  9 10 |
---------------+-------------------------------+-----
Invocations    | 2 3 4 5 6 |  6.4
Fighting       | 4 5 6 7 8 |  8.5
Axes           | 3 4 5 6 7 |  7.9
Dodging        | 2 3 4 5 6 7 |  7.0
Armour         | 3 4 5 6 7 |  7.9
Shields        | 1 2 4 5 6 |  6.5
Throwing       | 1 3 4 |  4.0

Action                   |  1- 3 |  4- 6 |  7- 9 | 10-12 || total
-------------------------+-------+-------+-------+-------++-------
Melee: Hand axe          |    76 |   197 |   494 |   101 ||   868
       Headbutt          |    10 |    37 |   106 |    42 ||   195
       Kick              |       |    20 |    85 |       ||   105
Invok: Depart the Abyss  |     1 |       |       |       ||     1
  Use: Scroll            |     3 |     8 |     2 |     4 ||    17
       Potion            |     3 |     2 |     1 |       ||     6
  Eat: Chunk             |       |     3 |    11 |     1 ||    15
       Ration            |       |     3 |     2 |       ||     5
Armor: Scale mail        |     9 |       |       |       ||     9
       Chain mail        |    31 |   120 |    83 |       ||   234
       Plate armour      |       |       |   201 |    32 ||   233
Dodge: Dodged            |    26 |    67 |   151 |    27 ||   271
Block: Buckler           |       |     8 |   162 |    19 ||   189

Table legend:
 A = Spawn XP
 B = Non-spawn XP
 C = Spawn XP percentage of total XP
 D = Spawn monster count
 E = Non-spawn monster count
 F = Spawn count percentage of total count
 G = Total turns spent on level
                    A         B        C        D         E        F      G
               +---------+---------+-------+---------+---------+-------+---------
         Total |       0 |    8100 |   0.0 |       0 |     255 |   0.0 |  9404
               +---------+---------+-------+---------+---------+-------+---------
           D:1 |       0 |      41 |   0.0 |       0 |      23 |   0.0 |   492
           D:2 |       0 |     226 |   0.0 |       0 |      28 |   0.0 |  1033
           D:3 |       0 |      58 |   0.0 |       0 |      28 |   0.0 |  1152
           D:4 |       0 |     579 |   0.0 |       0 |      21 |   0.0 |   989
           D:5 |       0 |    1116 |   0.0 |       0 |      23 |   0.0 |  1436
           D:6 |       0 |    1477 |   0.0 |       0 |      71 |   0.0 |  1056
           D:7 |       0 |    1295 |   0.0 |       0 |      30 |   0.0 |  1255
           D:8 |       0 |    1091 |   0.0 |       0 |      19 |   0.0 |  1394
           D:9 |       0 |    2217 |   0.0 |       0 |      12 |   0.0 |   445
               +---------+---------+-------+---------+---------+-------+---------
